AoeStats
← xlalox corona

Arabian Desert

509499781Analyzed
1v1 RM · 4d ago on Sep 27, 2026· 47m 57s· 2 players
Game mode
Random Map
Map size
Tiny (2 player)
Population
200
Speed
Normal
Resources
Standard
Victory
Conquest
Starting age
Dark Age
Ending age
Imperial Age
RankedLock teamsTeams togetherTeam positionsShared explorationLock speedFull tech treeHidden civsTurbo modeCheats
Victory
Defeat
🇲🇽 Ethiopians · Mexico
1680
+13
🇦🇷 Cumans · Argentina
1613
-13
Craftmk
5:23 Loom
8:32 Feudal Age
9:14 Double-Bit Axe
11:08 Horse Collar
16:20 Fletching
19:36 Padded Archer Armor
24:52 Castle Age
24:02 Bloodlines
24:33 Gold Mining
25:50 Bodkin Arrow
28:28 Ballistics
28:28 Scale Barding Armor
28:34 Forging
29:31 Chain Barding Armor
36:42 Gold Shaft Mining
36:17 Bow Saw
36:59 Man-at-Arms
37:40 Squires
37:25 Arson
38:36 Iron Casting
37:51 Long Swordsman
40:44 Scale Mail Armor
42:11 Chain Mail Armor
xlalox corona
5:56 Loom
8:55 Feudal Age
8:58 Man-at-Arms
16:52 Fletching
17:58 Padded Archer Armor
23:10 Castle Age
21:50 Double-Bit Axe
22:12 Horse Collar
23:48 Bodkin Arrow
23:32 Elite Skirmisher
25:31 Bow Saw
26:43 Leather Archer Armor
32:35 Wheelbarrow
32:38 Ballistics
38:14 Forging
38:23 Scale Mail Armor
45:06 Iron Casting
44:19 Arson
Connection lost

Rejoining the realm…

Still unreachable

The connection could not be restored.

Session expired

The server has moved on; the page needs a fresh start.